 Dungeon Crawl Stone Soup version 0.27.1-3-gb3d3a73c9e (webtiles) character file.

Game seed: 14740467721628570700

208 CuBeRJAN3 the Ruffian (level 5, 0/47 HPs)
             Began as a Ghoul Monk on Oct 22, 2021.
             Slain by an orc wizard (2 damage)
             ... on level 4 of the Dungeon.
             The game lasted 00:10:50 (3984 turns).

CuBeRJAN3 the Ruffian (Ghoul Monk)                  Turns: 3984, Time: 00:10:50

Health: 0/47       AC:  2    Str: 16    XL:     5   Next: 86%
Magic:  4/4        EV: 12    Int: 11    God:
Gold:   89         SH:  0    Dex: 11    Spells: 4/4 levels left

rFire    . . .     SeeInvis .     - Unarmed
rCold    + . .     Faith    .   (no shield)
rNeg     + + +     Spirit   .   a - +0 robe
rPois    ∞         Reflect  .   (no helmet)
rElec    .         Harm     .   (no cloak)
rCorr    .         Rampage  .   (no gloves)
Will     +....                  (no boots)
Stlth    ++........             (no amulet)
HPRegen  0.00/turn              k - +6 ring of intelligence
MPRegen  0.09/turn              e - ring "Zibeygha" {rN+ Will+}

@: inhibited regen
A: claws 1, cold resistance 1, negative energy resistance 3, inhibited
regeneration, torment resistance 2
a: no special abilities


You were on level 4 of the Dungeon.
You visited 1 branch of the dungeon, and saw 4 of its levels.

You collected 89 gold pieces.

Inventory:

Armour
 a - a +0 robe (worn)
Jewellery
 e - the ring "Zibeygha" (right claw) {rN+ Will+}
   (You acquired it on level 3 of the Dungeon)

   [ring of willpower]

   rN:        It protects you from negative energy.
   Will:      It increases your willpower.
 k - a +6 ring of intelligence (left claw)
Wands
 l - a wand of paralysis (4)
Scrolls
 f - 2 scrolls of magic mapping {unknown}
 i - a scroll of teleportation {unknown}
 m - a scroll of immolation {unknown}
 q - a scroll of enchant weapon {unknown}
Potions
 b - a potion of cancellation
 d - a potion of resistance {unknown}
 g - a potion of invisibility {unknown}
 h - a potion of haste {unknown}
 j - a potion of flight {unknown}
 n - a potion of mutation {unknown}
 o - a potion of attraction {unknown}
 p - a potion of curing {unknown}


   Skills:
 * Level 4.8 Fighting
 + Level 3.3 Dodging
 + Level 3.3 Stealth
 * Level 4.8 Unarmed Combat
 + Level 0.3 Evocations


You had 4 spell levels left.
You didn't know any spells.
Your spell library contained the following spells:

 Spells                   Type           Power      Damage    Failure   Level
 Animate Skeleton         Necr           0%         N/A       34%         1
 Apportation              Tloc           0%         N/A       34%         1
 Corona                   Hex            0%         N/A       34%         1
 Summon Small Mammal      Summ           0%         N/A       34%         1
 Ignite Poison            Fire/Tmut/Pois 0%         N/A       71%         3
 Mephitic Cloud           Conj/Pois/Air  0%         N/A       71%         3
 Bolt of Magma            Conj/Fire/Erth 0%         4d4       100%        5


Dungeon Overview and Level Annotations

Branches:
Dungeon (4/15)
 Temple: D:4-7

Altars:

Shops:
D:3 [[


Innate Abilities, Weirdness & Mutations

You thrive by killing the living.
You are immune to poison.
You have sharp fingernails.
Your flesh is cold resistant. (rC+)
You are immune to negative energy. (rN+++)
You do not regenerate when monsters are visible.
You are immune to unholy pain and torment.


Message History

You closely miss the orc wizard.
The orc wizard hits you but does no damage.
You scratch the orc wizard but do no damage.
The orc wizard barely misses you.
You scratch the orc wizard.
The orc wizard is lightly wounded.
The orc wizard hits you with a +1 dagger of electrocution.
You closely miss the orc wizard.
The orc wizard is lightly wounded.
The orc wizard gestures at you while chanting.
The magic dart hits you!
You scratch the orc wizard but do no damage.
The orc wizard is lightly wounded.
The orc wizard points at you and mumbles some strange words.
The magic dart hits you!
You barely miss the orc wizard.
The orc wizard is lightly wounded.
The orc wizard hits you with a +1 dagger of electrocution.
* * * LOW HITPOINT WARNING * * *
Press: ? - help, v - describe, . - travel
Here: an orc wizard, wielding a +1 dagger of electrocution and wearing a +0 robe (lightly wounded)
The floor.
You scratch the orc wizard.
The orc wizard is heavily wounded.
The orc wizard casts a spell at you. The puff of flame hits you!
* * * LOW HITPOINT WARNING * * *
It was a potion of berserk rage.
You feel slightly irritated.
The orc wizard hits you but does no damage.
You closely miss the orc wizard.
The orc wizard is heavily wounded.
The orc wizard closely misses you.
You closely miss the orc wizard.
The orc wizard is heavily wounded.
The orc wizard gestures wildly while chanting.
The orc wizard flickers and vanishes!
Deactivating autopickup; reactivate with Ctrl-A.
You miss something. You barely miss something. Something hits you.
You die...

#### ###### ..# #....< #.#
#.##.# ##.####.##### #.##.#
.>..........#############.##.#
##..###.##...#...............#
#....#............###..#
####...#.#######...##...
#...{@...# #........>
#.#.##.#.# #....##..#
#.#.##.#.# #.#.## .#
.......#†# #.#.# # . ...##.#.#
#.#.# .# #.#.####.#.###.. #..#
#.#............# #...
..##.......###.# #...#
#.###.### #.#


There were no monsters in sight!

Vanquished Creatures
  A hound (D:4)
  Natasha (thrice) (D:3)
  2 adders
  A worm (D:4)
  4 dart slugs
  13 orcs
  4 endoplasms
  A giant cockroach (D:2)
  3 hobgoblins
  6 jackals (D:1)
  A quokka (D:1)
  6 ball pythons
  A bat (D:1)
  3 frilled lizards
  6 goblins
  4 kobolds
  8 rats
67 creatures vanquished.

Notes
Turn   | Place    | Note
-------+----------+-------------------------------------------
     0 | D:1      | CuBeRJAN3 the Ghoul Monk began the quest for the Orb.
     0 | D:1      | Reached XP level 1. HP: 19/19 MP: 0/0
   322 | D:1      | You fall into a shaft and drop 1 floor!
   332 | D:2      | Reached XP level 2. HP: 26/26 MP: 1/1
   907 | D:1      | Found a faded altar of an unknown god.
  1073 | D:1      | Reached XP level 3. HP: 30/33 MP: 2/2
  1997 | D:3      | Noticed Natasha
  2004 | D:3      | Killed Natasha
  2005 | D:3      | Reached XP level 4. HP: 35/40 MP: 3/3
  2068 | D:3      | Found Opte Uty's Armour Boutique.
  2150 | D:3      | Noticed Natasha
  2159 | D:3      | Killed Natasha
  2377 | D:3      | Reached XP level 5. HP: 47/47 MP: 4/4
  2894 | D:3      | Found Aheihi's Antique Armour Emporium.
  2907 | D:3      | Noticed Natasha
  2949 | D:3      | Killed Natasha
  3378 | D:3      | Identified a scroll of acquirement
  3379 | D:3      | Acquired the ring "Zibeygha" {rN+ Will+}
  3899 | D:4      | Noticed an ogre
  3979 | D:4      | HP: 2/47 [orc wizard/puff of flame (10)]
  3984 | D:4      | Slain by an orc wizard

Illustrated notes

Levels and vault maps discovered:
D:1:      saegor_arrival_simple_a, layout_basic, basic_ecumenical_altar,
          kennysheep_small_spiral, minmay_misc_feat_enclosed, dk_noncrumbling_3
D:2:      layout_basic, minmay_crystal_room, kennysheep_path_1,
          wander_ebering_terrifying_dragon_lair
D:3:      layout_basic, serial_shops, shop_statue, nicolae_shop_window_shopping,
          uniq_natasha
D:4:      layout_loops_ring

Skill      XL: |  1  2  3  4 |
---------------+-------------+-----
Fighting       | 4 |  4.8
Dodging        | 3 |  3.3
Unarmed Combat | 4 |  4.8
Stealth        | 3 |  3.3
Evocations     | |  0.3

Action                   |  1- 3 |  4- 6 || total
-------------------------+-------+-------++-------
Melee: Unarmed           |   118 |   121 ||   239
       Punch             |     1 |       ||     1
  Use: Scroll            |       |     3 ||     3
       Potion            |       |     1 ||     1
 Stab: Sleeping          |     6 |     1 ||     7
Armor: Robe              |    12 |    11 ||    23
Dodge: Dodged            |    65 |    48 ||   113
